 Dungeon Crawl Stone Soup version 0.25-a0-647-gd602d06 (webtiles) character file.

Game seed: 17043320934322131464, levelgen mode: deterministic

29892 kuraido the Spear-Bearer (level 13, -6/81 HPs)
             Began as a Demonspawn Venom Mage on Dec 12, 2019.
             Was a Priest of Hepliaklqana.
             Mangled by a six-headed hydra (17 damage)
             ... on level 3 of the Lair of Beasts on Mar 21, 2020.
             The game lasted 00:57:24 (17535 turns).

kuraido the Spear-Bearer (Demonspawn Venom Mage)   Turns: 17535, Time: 00:57:25

Health: -6/81      AC: 16    Str: 12    XL:     13   Next: 17%
Magic:  23/23      EV: 11    Int: 18    God:    Hepliaklqana [***...]
Gold:   799        SH: 11    Dex: 14    Spells: 16/26 levels left

rFire    + . .     SeeInvis .   H - +2 trident (protect)
rCold    + . .     Gourm    .   E - +0 kite shield
rNeg     . . .     Faith    .   v - +2 robe {rF+}
rPois    .         Spirit   .   y - +0 helmet
rElec    .         Reflect  .   (no cloak)
rCorr    .         Harm     .   e - +1 pair of gloves
MR       .....                  (boots unavailable)
Stlth    ++........             w - amulet of magic regeneration
HPRegen  0.23/turn              k - ring of protection from cold
MPRegen  0.43/turn              (no ring)

@: protection aura
A: reduced essence, talons 3, molten scales 1, powered by death 1, spiny 2
a: Recall Ancestor, Ancestor Identity, Transference, Renounce Religion


You were on level 3 of the Lair of Beasts.
You worshipped Hepliaklqana.
Hepliaklqana was most pleased with you.
You were not hungry.

You visited 2 branches of the dungeon, and saw 12 of its levels.
You also visited: Ice Cave and Volcano.

You collected 895 gold pieces.
You spent 96 gold pieces at shops.

Inventory:

Hand Weapons
 H - a +2 trident of protection (weapon)
Missiles
 n - 47 poisoned darts (quivered)
 I - 4 throwing nets
Armour
 e - a +1 pair of gloves (worn)
 j - a +0 pair of boots
 l - a +2 robe of cold resistance
 v - a +2 robe of fire resistance (worn)
 y - a +0 helmet (worn)
 z - a +2 robe of magic resistance
 E - a +0 kite shield (worn)
 P - a +0 pair of gloves of strength
 Q - a +3 ring mail of fire resistance
Jewellery
 b - an uncursed amulet of guardian spirit {unknown}
 d - an uncursed amulet of regeneration {unknown}
 k - a ring of protection from cold (left hand)
 r - an uncursed ring of ice
 w - an amulet of magic regeneration (around neck)
 T - an uncursed amulet of harm {unknown}
Wands
 a - a wand of random effects (8)
 h - a wand of polymorph (1)
 J - a wand of digging (3)
 N - a wand of paralysis (9)
 S - a wand of enslavement (10)
Scrolls
 f - 3 scrolls of enchant armour
 o - a scroll of magic mapping
 q - 3 scrolls of amnesia
 s - a scroll of fog
 t - 3 scrolls of enchant weapon
 u - 5 scrolls of identify
 D - a scroll of teleportation
 K - a scroll of fear {unknown}
 L - a scroll of remove curse
Potions
 g - 4 potions of heal wounds
 i - 3 potions of brilliance
 m - 4 potions of curing
 p - a potion of lignification
 x - 3 potions of haste
 A - a potion of stabbing
 B - 3 potions of might {unknown}
 C - a potion of invisibility
 F - 4 potions of flight {unknown}
 G - 3 potions of mutation {unknown}
 M - a potion of degeneration {unknown}
 O - 2 potions of resistance {unknown}
Comestibles
 c - 14 rations


   Skills:
 - Level 5.1 Fighting
 * Level 12.5 Polearms
 - Level 2.0 Dodging
 - Level 1.7 Stealth
 + Level 10.0 Shields
 - Level 7.0 Spellcasting
 - Level 4.2 Conjurations
 - Level 1.0 Transmutations
 - Level 3.0 Air Magic
 - Level 10.0 Poison Magic


You had 16 spell levels left.
You knew the following spells:

 Your Spells              Type           Power        Failure   Level  Hunger
a - Sting                 Tmut/Pois      ####         1%          1    None
b - Poisonous Vapours     Pois/Air       ####..       1%          2    None
c - Mephitic Cloud        Conj/Pois/Air  ####....     5%          3    ##.....
d - Olgreb's Toxic Radia  Pois           #####...     3%          4    ####...

Your spell library contained the following spells:

 Spells                   Type           Power        Failure   Level  Hunger
 Magic Dart               Conj           ###.         3%          1    None
 Searing Ray              Conj           ###...       5%          2    None
 Ignite Poison            Fire/Tmut/Pois ###.....     13%         3    ##.....
 Conjure Flame            Conj/Fire      ##......     26%         3    ##.....
 Dazzling Flash           Conj/Hex       ##....       26%         3    ##.....
 Blink                    Tloc           N/A          30%         2    None
 Call Imp                 Summ           #.......     30%         2    None
 Slow                     Hex            #.......     30%         2    None
 Fulminant Prism          Conj/Hex       ##........   63%         4    ####...
 Iskenderun's Mystic Bla  Conj/Tloc      ##......     63%         4    ####...


Dungeon Overview and Level Annotations

Branches:
Dungeon (9/15)             Temple (0/1) D:7            Lair (3/6) D:8
 Spider (0/4) Lair:3        IceCv (visited)         Volcano (visited)
  Swamp: Lair:2-4    Shoals: Lair:2-4       Orc: D:9-12

Altars:
Dithmenos
Fedhas
Gozag
Hepliaklqana
Kikubaaqudgha
Qazlal
Sif Muna
Wu Jian
Xom
Zin
The Shining One

Shops:
D:4 *   D:8 %

Annotations:
D:4 exclusion: 3 downstairs
D:8 2 transporters, exclusion: downstairs
Lair:3 exclusion: oklob plant


Innate Abilities, Weirdness & Mutations

You have claws for feet.
You are partially covered in molten scales. (AC +2)
You regenerate a little health from kills.
You are mostly covered in sharp spines.
Your life essence is reduced to manifest your ancestor. (-10% HP)


Message History

You hit the six-headed hydra.
The six-headed hydra is almost dead.
The six-headed hydra is struck by your spines.
The six-headed hydra bites you but does no damage. x2
You block the six-headed hydra's attack.
The six-headed hydra bites you.
* * * LOW HITPOINT WARNING * * *
The six-headed hydra bites you.
* * * LOW HITPOINT WARNING * * *
You block the six-headed hydra's attack.
You hit the six-headed hydra.
The six-headed hydra is almost dead.
The six-headed hydra barely misses you. The six-headed hydra bites you.
* * * LOW HITPOINT WARNING * * *
The six-headed hydra bites you but does no damage.
You block the six-headed hydra's attack.
The six-headed hydra bites you.
* * * LOW HITPOINT WARNING * * *
The six-headed hydra bites you!
You die...

*#...#..##* #≈#
*........# ###≈#
*#.......# #P.≈.
##..[....## #####..≈.
#.........######.##...≈.
*#.........#..........#≈#
*,#............###.##.#≈#
**#....D...##### ######≈#
###.#.@### ### **##.[P#
#.# #...## ##.. ####.#
#..# ###..#'#### ##.#
#P......#.##########.#
##......'..##P#P#.#.'#
#.......##........P...
##....†..##.#.......P.


You could see a six-headed hydra.

Vanquished Creatures
  A frost giant (IceCv)
  A two-headed ogre (D:6)
  A dancing weapon (Volcano)
  3 wizards (Volcano)
  A toenail golem (Volcano)
  A torpor snail (Lair:3)
  11 polar bears
  A troll (D:5)
  4 blink frogs
  2 hippogriffs
  A redback (Lair:3)
  A wyvern (D:9)
  23 yaks
  A basilisk (Lair:3)
  Eustachio (D:6)
  A steam dragon (Lair:2)
  Duvessa (D:6)
  5 water moccasins
  A porcupine (Lair:2)
  2 orc warriors
  3 ice beasts (Lair:1)
  A hornet zombie (D:8)
  2 phantoms
  3 sky beasts
  A necrophage (D:5)
  4 ogres
  37 wolves
  7 centaurs
  3 crocodiles
  A big kobold (D:8)
  12 bullfrogs
  Dowan (D:6)
  2 gnoll sergeants (D:6)
  4 scorpions
  A water moccasin skeleton (D:7)
  A jelly (D:9)
  12 killer bees
  A wight (D:6)
  3 crimson imps
  A centaur zombie (D:8)
  A bullfrog skeleton (D:8)
  4 hounds
  An orc priest (D:4)
  2 centaur skeletons
  Terence (D:2)
  3 iguanas
  6 orc wizards
  5 worker ants
  3 gnolls (D:9)
  A howler monkey skeleton (D:4)
  15 adders
  An ooze (D:2)
  2 adder skeletons
  4 worms
  4 dart slugs
  3 leopard geckos
  28 orcs
  5 ball pythons
  10 bats
  4 giant cockroaches
  5 goblins
  9 hobgoblins
  11 jackals
  16 kobolds
  6 quokkas
  3 frilled lizards
  A leopard gecko skeleton (D:8)
  9 rats
326 creatures vanquished.

Vanquished Creatures (collateral kills)
  Harold (D:7)
  2 wizards (Volcano)
  A lindwurm (Lair:3)
  An ice statue (IceCv)
  A cyclops (D:9)
  4 toenail golems (Volcano)
  2 spiny frogs
  4 polar bears (IceCv)
  Prince Ribbit (D:6)
  2 hippogriffs
  A blink frog (Lair:3)
  4 yaks
  A porcupine (Lair:1)
  6 ice beasts
  2 phantoms
  An ogre (D:8)
  4 crocodiles
  8 wolves
  2 centaurs (D:9)
  A big kobold (D:9)
  5 bullfrogs
  A wyvern skeleton (D:7)
  A howler monkey (D:9)
  2 jellies
  An orc wizard (D:6)
  A worker ant (D:7)
  A hound zombie (D:7)
  A gnoll (D:9)
  2 orcs (D:6)
  A jackal (D:6)
  A plant (Lair:3)
66 creatures vanquished.

Vanquished Creatures (others)
  7 knights
  3 ancestors
  A fungus (Lair:3)
11 creatures vanquished.

Grand Total: 403 creatures vanquished

Notes
Turn   | Place    | Note
-------+----------+-------------------------------------------
     0 | D:1      | kuraido the Demonspawn Venom Mage began the quest for the
                  | Orb.
     0 | D:1      | Reached XP level 1. HP: 13/13 MP: 3/3
    33 | D:1      | Reached skill level 1 in Transmutations
   222 | D:1      | Gained mutation: You are partially covered in molten
                  | scales. (AC +2) [demonic ancestry]
   222 | D:1      | Reached XP level 2. HP: 19/19 MP: 3/5
  1518 | D:2      | Reached XP level 3. HP: 24/24 MP: 4/6
  1529 | D:2      | Learned a level 2 spell: Poisonous Vapours
  1533 | D:2      | Learned a level 3 spell: Mephitic Cloud
  1803 | D:2      | Noticed Terence
  1832 | D:2      | Killed Terence
  1832 | D:2      | Reached skill level 1 in Conjurations
  1832 | D:2      | Gained mutation: You have sharp toenails. [demonic
                  | ancestry]
  1832 | D:2      | Reached XP level 4. HP: 30/30 MP: 3/8
  2235 | D:2      | Reached skill level 1 in Air Magic
  3030 | D:3      | Reached XP level 5. HP: 35/35 MP: 7/9
  3036 | D:3      | Learned a level 4 spell: Olgreb's Toxic Radiance
  3157 | D:3      | Found an opulent altar of Gozag.
  3952 | D:4      | Gained mutation: You regenerate a little health from kills.
                  | [demonic ancestry]
  3952 | D:4      | Reached XP level 6. HP: 41/41 MP: 7/10
  4013 | D:4      | Found Laesetee's Assorted Antiques.
  4024 | D:4      | Bought a scroll labeled BEARGHEOCLU for 32 gold pieces
  4024 | D:4      | Bought a scroll of identify for 64 gold pieces
  4096 | D:4      | Found a blossoming altar of Fedhas.
  4098 | D:4      | Found a stormy altar of Qazlal.
  4452 | D:4      | Reached skill level 5 in Poison Magic
  4719 | D:4      | Found a shimmering blue altar of Sif Muna.
  5189 | D:5      | Entered Level 5 of the Dungeon
  5196 | D:4      | Reached XP level 7. HP: 34/46 MP: 7/11
  5258 | D:5      | Noticed a troll
  5997 | D:5      | Reached XP level 8. HP: 28/51 MP: 3/12
  6218 | D:5      | Found a glowing golden altar of the Shining One.
  6672 | D:5      | Found a hazy altar of Hepliaklqana.
  6731 | D:5      | Became a worshipper of Hepliaklqana the Forgotten
  6895 | D:5      | Upgraded the game from 0.25-a0-285-gcba6f66 to
                  | 0.25-a0-310-g60f0ac2
  7011 | D:5      | Found an ornate altar of the Wu Jian Council.
  7018 | D:5      | Found a shimmering altar of Xom.
  7020 | D:5      | Noticed an angel
  7044 | D:5      | Killed a troll
  7059 | D:5      | Found a glowing silver altar of Zin.
  7343 | D:6      | Noticed Prince Ribbit
  7350 | D:6      | Killed Prince Ribbit
  7490 | D:6      | Reached skill level 10 in Poison Magic
  7502 | D:6      | Upgraded the game from 0.25-a0-310-g60f0ac2 to
                  | 0.25-a0-647-gd602d06
  7536 | D:6      | Reached skill level 1 in Fighting
  7617 | D:6      | Gained mutation: You are partially covered in sharp spines.
                  | [demonic ancestry]
  7617 | D:6      | Reached XP level 9. HP: 39/53 MP: 3/13
  7627 | D:6      | Noticed Eustachio
  7667 | D:6      | Killed Eustachio
  7724 | D:6      | Got a tattered robe
  7738 | D:6      | Noticed Duvessa
  7767 | D:6      | Killed Duvessa
  7792 | D:6      | Reached skill level 5 in Fighting
  7879 | D:6      | Noticed Dowan
  7895 | D:6      | Killed Dowan
  7984 | D:6      | Identified the +3 robe "Peuraq" {Stlth+} (You found it on
                  | level 6 of the Dungeon)
  8124 | D:6      | Reached skill level 5 in Spellcasting
  8142 | D:6      | Noticed a two-headed ogre
  8165 | D:6      | Killed a two-headed ogre
  8251 | D:6      | Found an ancient bone altar of Kikubaaqudgha.
  8251 | D:6      | Found a shadowy altar of Dithmenos.
  8467 | D:7      | Gained mutation: You have razor-sharp toenails. [demonic
                  | ancestry]
  8467 | D:7      | Reached XP level 10. HP: 65/65 MP: 14/20
  8483 | D:7      | Found a staircase to the Ecumenical Temple.
  8510 | D:7      | Reached skill level 1 in Shields
  8962 | D:7      | Noticed Harold
  8980 | D:7      | Killed Harold
  9192 | D:7      | Reached skill level 1 in Polearms
  9376 | D:8      | Reached * piety under Hepliaklqana
  9601 | D:8      | Reached skill level 2 in Polearms
  9678 | D:8      | Found a transporter.
  9684 | D:8      | Found a transporter.
  9694 | D:8      | Found a staircase to the Lair.
  9852 | D:8      | Reached skill level 3 in Polearms
 10253 | D:8      | Reached skill level 5 in Shields
 10289 | D:8      | Reached skill level 4 in Polearms
 10410 | D:8      | Found Toan's Food Emporium.
 10460 | D:9      | Reached ** piety under Hepliaklqana
 10461 | D:9      | Remembered your ancestor Nomusa as a knight
 10821 | D:9      | Reached skill level 5 in Polearms
 11084 | D:9      | Noticed a cyclops
 11109 | D:9      | Noticed a five-headed hydra
 11706 | D:9      | Killed a cyclops
 11706 | D:9      | Reached XP level 11. HP: 64/71 MP: 11/21
 11871 | D:9      | Reached skill level 6 in Polearms
 12158 | Lair:1   | Entered Level 1 of the Lair of Beasts
 12286 | Lair:1   | Found a frozen archway.
 12303 | IceCv    | Entered an ice cave
 12452 | IceCv    | Reached skill level 7 in Polearms
 13667 | IceCv    | Reached skill level 8 in Polearms
 14236 | IceCv    | Noticed a frost giant
 14247 | IceCv    | Reached skill level 9 in Polearms
 14304 | IceCv    | Killed a frost giant
 14304 | IceCv    | Gained mutation: You are mostly covered in sharp spines.
                  | [demonic ancestry]
 14304 | IceCv    | Reached XP level 12. HP: 32/77 MP: 5/22
 14892 | Lair:1   | Got an ancient long sword
 14893 | Lair:1   | Identified the +4 long sword "Xemeb" {vorpal, +Inv Int+5}
                  | (You found it on level 1 of the Lair of Beasts)
 15172 | Lair:1   | Reached *** piety under Hepliaklqana
 15177 | Lair:1   | Noticed an eight-headed hydra
 15634 | Lair:2   | Noticed a six-headed hydra
 15957 | Lair:2   | Reached skill level 10 in Polearms
 16457 | Lair:3   | Noticed a six-headed hydra
 16560 | Lair:3   | Found a dark tunnel.
 16570 | Volcano  | Entered a volcano
 16692 | Volcano  | Reached skill level 11 in Polearms
 17143 | Lair:3   | Reached skill level 12 in Polearms
 17155 | Lair:3   | Gained mutation: You have claws for feet. [demonic
                  | ancestry]
 17155 | Lair:3   | Reached XP level 13. HP: 81/81 MP: 5/23
 17359 | Lair:3   | Found a hole to the Spider Nest.
 17367 | Lair:3   | Reached skill level 10 in Shields
 17535 | Lair:3   | Mangled by a six-headed hydra

Levels and vault maps discovered:
D:1:      saegor_arrival_simple_e, layout_basic, hangedman_decor_opposing,
          kennysheep_nondescript
D:2:      layout_basic, uniq_terence
D:3:      layout_loops_ring, nicolae_gozag_cash_rules_everything_around_me,
          minmay_checkerbox
D:4:      layout_basic, grunt_temple_overflow_forces_of_nature,
          lemuel_blue_sif_altar, first_ration, serial_shops,
          nicolae_shop_overgrown_old_shop, minmay_misc_feat_chi
D:5:      layout_loops_ring, grunt_temple_overflow_order_and_chaos_1,
          nicolae_overflow_crystal_walls, lemuel_crystal_altar,
          nicolae_tso_carved_into_rock, nicolae_overflow_hidden_temple
D:6:      minmay_recursive_quarters, layout_rooms,
          gammafunk_temple_overflow_wave, sword_in_stone, uniq_eustachio,
          uniq_duvessa, uniq_prince_ribbit1
D:7:      layout_basic, minmay_temple_entry_ruins, uniq_harold
D:8:      gammafunk_jiyva_shrine, layout_gridville, dpeg_oklobed_lair,
          serial_shops, shop
D:9:      layout_gridville
Lair:1:   layout_loops_ring, portal_ice_cave_entry_ice_beasts
Lair:2:   wad_woods_structure_01, layout_chaotic_city
Lair:3:   layout_roguey, spider_nest_entry_rubble,
          nicolae_volcano_entry_vermiform, chequers_serial_rivers_micro_a,
          minivault_24, grunt_forest_large_clearings

Skill      XL: |  1  2  3  4  5  6  7  8  9 10 11 12 13 |
---------------+----------------------------------------+-----
Transmutations | 1 |  1.0
Dodging        | 2 |  2.0
Conjurations   | 1 2 3 4 |  4.2
Air Magic      | 1 2 3 |  3.0
Spellcasting   | 3 7 |  7.0
Poison Magic   | 4 5 7 10 | 10.0
Fighting       | 2 5 |  5.1
Shields        | 5 7 9 10 | 10.0
Polearms       | 5 9 12 | 12.5
Stealth        | |  1.7

Action                   |  1- 3 |  4- 6 |  7- 9 | 10-12 | 13-15 || total
-------------------------+-------+-------+-------+-------+-------++-------
Melee: Unarmed           |     3 |       |       |       |       ||     3
       Dagger            |    28 |     5 |       |       |       ||    33
       Falchion          |       |    82 |   157 |    18 |       ||   257
       Trident           |       |       |       |   449 |    80 ||   529
       Kick              |       |       |       |       |    14 ||    14
Throw: Dart              |       |       |     2 |       |       ||     2
 Cast: Sting             |    44 |    44 |    51 |    12 |     1 ||   152
       Poisonous Vapours |     5 |    29 |    51 |    46 |     3 ||   134
       Olgreb's Toxic Ra |       |     1 |    11 |    49 |     6 ||    67
       Mephitic Cloud    |       |       |     6 |    17 |       ||    23
Invok: Recall Ancestor   |       |       |       |    11 |       ||    11
       Ancestor Life: Kn |       |       |       |     1 |       ||     1
Evoke: Wand              |       |       |     2 |    12 |       ||    14
  Use: Scroll            |       |     4 |     2 |    15 |       ||    21
       Potion            |       |       |       |     3 |       ||     3
 Stab: Sleeping          |       |     6 |     2 |     6 |       ||    14
       Confused          |       |       |     1 |     3 |       ||     4
       Distracted        |       |       |       |     6 |     1 ||     7
  Eat: Chunk             |     3 |    12 |    12 |    24 |     3 ||    54
       Ration            |       |       |     1 |     3 |       ||     4
Armor: Robe              |    17 |    37 |    84 |   187 |    18 ||   343
Dodge: Dodged            |    29 |    59 |   143 |   232 |    28 ||   491
Block: Kite shield       |       |       |       |    96 |    44 ||   140
       Rpst.: Falchion   |       |    21 |    46 |     6 |       ||    73

Table legend:
 A = Non-vault XP
 B = Vault XP
 C = Vault XP percentage of total XP
 D = Non-vault monster count
 E = Vault monster count
 F = Vault count percentage of total count
                 A         B        C        D         E       F
            +---------+---------+-------+---------+---------+-------
      Total |   16846 |   25858 |  60.6 |     272 |     119 |  30.4
            +---------+---------+-------+---------+---------+-------
        D:1 |      36 |       0 |   0.0 |      18 |       0 |   0.0
        D:2 |      88 |      36 |  29.0 |      26 |       1 |   3.7
        D:3 |      71 |      18 |  20.2 |      22 |       4 |  15.4
        D:4 |     667 |       0 |   0.0 |      24 |       0 |   0.0
        D:5 |    1265 |       0 |   0.0 |      22 |       0 |   0.0
        D:6 |    1271 |    1748 |  57.9 |      24 |      17 |  41.5
        D:7 |     900 |     992 |  52.4 |      16 |       1 |   5.9
        D:8 |    1863 |       0 |   0.0 |      30 |       0 |   0.0
        D:9 |    2892 |       0 |   0.0 |      47 |       0 |   0.0
     Lair:1 |     501 |    1057 |  67.8 |       4 |       8 |  66.7
     Lair:2 |    1136 |    1584 |  58.2 |       6 |       8 |  57.1
     Lair:3 |    6156 |    4434 |  41.9 |      33 |      33 |  50.0
      IceCv |       0 |    9306 | 100.0 |       0 |      36 | 100.0
    Volcano |       0 |    6683 | 100.0 |       0 |      11 | 100.0
            +---------+---------+-------+---------+---------+-------
